 Dungeon Crawl Stone Soup version 0.23.2-1-ga50397a (webtiles) character file.

Game seed: 17573357350733460314

1140 MaxwellSilver the Fighter (level 8, 0/55 HPs)
             Began as a Tengu Skald on May 22, 2019.
             Was an Initiate of Ashenzari.
             Slain by an orc warrior
             ... wielding a +0 flail
              (13 damage)
             ... on level 5 of the Dungeon.
             The game lasted 00:22:01 (6233 turns).

MaxwellSilver the Fighter (Tengu Skald)             Turns: 6233, Time: 00:22:01

Health: 0/55       AC:  7    Str:  9 (12) XL:     8   Next: 37%
Magic:  11/13      EV: 12    Int: 13 (15) God:    Ashenzari [......]
Gold:   20         SH:  0    Dex: 15 (16) Spells: 10/13 levels left

rFire    . . .     SeeInvis .   r - +3 whip
rCold    . . .     Gourm    .   (no shield)
rNeg     . . .     Faith    .   b - +0 leather armour
rPois    .         Spirit   .   (helmet restricted)
rElec    .         Reflect  .   o - +2 cloak (curse)
rCorr    .         Harm     .   C - +0 pair of gloves (curse)
MR       +....                  (boots unavailable)
Stlth    +.........             (no amulet)
HPRegen  0.18/turn              i - +2 ring of dexterity
MPRegen  0.13/turn              x - ring of protection from magic (curse)

@: singing, very slightly contaminated
A: beak, talons 3, able to fly
a: Fly, Curse Item, Renounce Religion


You were on level 5 of the Dungeon.
You worshipped Ashenzari.
Ashenzari was noncommittal.
You were very hungry.

You visited 2 branches of the dungeon, and saw 7 of its levels.

You collected 164 gold pieces.
You spent 144 gold pieces at shops.

Inventory:

Hand Weapons
 a - a +0 mace
 j - a +0 hunting sling
 n - a +0 short sword of venom
 r - a +3 whip (weapon)
Missiles
 k - 90 sling bullets
Armour
 b - a +0 leather armour (worn)
 g - a scarf of spirit shield
 o - a cursed +2 cloak (worn)
 C - a cursed +0 pair of gloves (worn)
Jewellery
 i - a +2 ring of dexterity (left hand)
 l - an uncursed ring of ice
 v - an uncursed ring of stealth
 x - a cursed ring of protection from magic (right hand)
 z - an uncursed ring of see invisible
Wands
 q - a wand of iceblast (11)
 y - a wand of random effects (17)
Scrolls
 e - a scroll of brand weapon {unknown}
 h - a scroll of enchant armour
 t - a scroll of immolation {unknown}
 w - a scroll of enchant weapon
Potions
 c - 3 potions of curing
 p - a potion of magic
 s - a potion of flight
 u - a potion of brilliance
Comestibles
 d - 10 rations


   Skills:
 + Level 8.7 Fighting
 - Level 2.1 Maces & Flails
 - Level 1.1 Armour
 - Level 2.1 Dodging
 - Level 3.0 Spellcasting
 - Level 4.0 Charms


You had 10 spell levels left.
You knew the following spells:

 Your Spells              Type           Power        Failure   Level  Hunger
a - Infusion              Chrm           ##..         6%          1    #......
b - Song of Slaying       Chrm           ##......     9%          2    ###....

Your spell library contained the following spells:

 Spells                   Type           Power        Failure   Level  Hunger
 Shroud of Golubria       Chrm/Tloc      #.........   21%         2    ###....
 Magic Dart               Conj           #...         30%         1    #......
 Regeneration             Chrm/Necr      #.........   38%         3    ###....
 Spectral Weapon          Hex/Chrm       #.......     38%         3    ###....
 Blink                    Tloc           N/A          43%         2    ###....
 Call Imp                 Summ           #.......     43%         2    ###....
 Slow                     Hex            #.......     43%         2    ###....
 Conjure Flame            Conj/Fire      #.......     67%         3    ###....
 Mephitic Cloud           Conj/Pois/Air  #.......     67%         3    ###....


Dungeon Overview and Level Annotations

Branches:
Dungeon (6/15)             Temple (1/1) D:5

Altars:
Ashenzari
Cheibriados
Elyvilon
Hepliaklqana
Kikubaaqudgha
Nemelex Xobeh
Okawaru
Ru
Sif Muna
Trog
Vehumet
Xom
Yredelemnul
Zin
The Shining One

Shops:
D:6 *

Annotations:
D:3 2 transporters, Killmatronix's ghost, amateur CeWn


Innate Abilities, Weirdness & Mutations

You have a beak for a mouth.
You have claws for feet.
You can fly continuously.


Message History

You are too injured to fight recklessly!
You are too injured to fight recklessly!
You are too injured to fight recklessly!
You are too injured to fight recklessly!
You are too injured to fight recklessly!
You are too injured to fight recklessly!
You are too injured to fight recklessly!
You are too injured to fight recklessly!
You are too injured to fight recklessly!
You are too injured to fight recklessly!
You are too injured to fight recklessly!
You are too injured to fight recklessly!
You are too injured to fight recklessly!
You are too injured to fight recklessly!
You are too injured to fight recklessly!
You are too injured to fight recklessly!
You completely miss the orc warrior.
You claw the orc warrior, but do no damage.
The orc warrior hits you with a +0 flail!
You die...

#........#....#.#.#.......#...#..
##########'##+.....#......#..##..
...............#[#.......##..####
...............).[.......'.......
.........................#.......
.........................#.......
.........................###.####
#######........o#####......#.###.
#.....#.........@...#......#...#.
#.....#.........#...#......#...#.
#.....#........>#...#......#(..#.
#.....#.........#...#......#...#.
#.....#.........#...'......#...#.
#.....#.........#...#......#'###.
#....รท#.........#...#####........
#.....#.........#.......#........
#.....'.........#.......#........


You could see an orc warrior.

Vanquished Creatures
  Grinder (D:5)
  An orc warrior (D:6)
  A centaur (D:6)
  2 scorpions
  A vampire bat (D:2)
  A howler monkey (D:4)
  A crimson imp (D:5)
  A jelly (D:5)
  2 orc priests
  Jessica (D:2)
  An iguana (D:5)
  4 orc wizards
  3 worker ants
  A hound zombie (D:6)
  A worker ant zombie (D:5)
  8 adders
  2 oozes
  A worm (D:2)
  3 dart slugs
  7 leopard geckos
  20 orcs
  3 bat skeletons (D:2)
  3 bat zombies (D:2)
  3 giant cockroaches
  7 goblins
  6 hobgoblins
  3 jackals (D:5)
  9 kobolds
  A quokka (D:2)
  A ball python (D:1)
  5 bats (D:1)
  6 frilled lizards
  2 quokka skeletons (D:4)
  9 rats
121 creatures vanquished.

Notes
Turn   | Place    | Note
-------+----------+-------------------------------------------
     0 | D:1      | MaxwellSilver the Tengu Skald began the quest for the Orb.
     0 | D:1      | Reached XP level 1. HP: 12/12 MP: 4/4
   195 | D:1      | Reached XP level 2. HP: 18/18 MP: 6/6
   358 | D:1      | Reached skill level 3 in Fighting
   932 | D:2      | Reached XP level 3. HP: 22/23 MP: 7/7
  1004 | D:2      | Reached skill level 4 in Fighting
  1021 | D:2      | Found a glowing golden altar of the Shining One.
  1166 | D:2      | Reached XP level 4. HP: 29/29 MP: 8/8
  1396 | D:2      | Noticed Jessica
  1405 | D:2      | Killed Jessica
  1645 | D:2      | Reached skill level 5 in Fighting
  1656 | D:2      | Found an ancient bone altar of Kikubaaqudgha.
  1660 | D:2      | Gained mutation: You can fly continuously. [Tengu growth]
  1660 | D:2      | Reached XP level 5. HP: 28/35 MP: 7/9
  1882 | D:3      | Noticed an ogre
  1882 | D:3      | Noticed Killmatronix's ghost (amateur CeWn)
  2263 | D:3      | Reached skill level 6 in Fighting
  2263 | D:3      | Reached XP level 6. HP: 41/41 MP: 10/10
  2364 | D:3      | Found a shimmering altar of Xom.
  2526 | D:3      | Found a glowing silver altar of Zin.
  2554 | D:3      | Found a transporter.
  2555 | D:3      | Found a transporter.
  3073 | D:4      | Learned a level 2 spell: Song of Slaying
  3750 | D:5      | Entered Level 5 of the Dungeon
  3780 | D:5      | Reached XP level 7. HP: 44/47 MP: 11/11
  3789 | D:5      | Found a staircase to the Ecumenical Temple.
  3813 | Temple   | Entered the Ecumenical Temple
  4005 | Temple   | Became a worshipper of Ashenzari the Shackled
  4343 | D:5      | Noticed Grinder
  4367 | D:5      | Reached skill level 7 in Fighting
  4388 | D:5      | Killed Grinder
  5425 | D:6      | Found Elamaet's General Store.
  5435 | D:6      | Reached XP level 8. HP: 36/54 MP: 13/13
  5490 | D:6      | Reached skill level 8 in Fighting
  5685 | D:6      | Bought a scroll of enchant weapon for 90 gold pieces
  5685 | D:6      | Bought a scroll of remove curse for 36 gold pieces
  5685 | D:6      | Bought a cursed +0 pair of gloves for 18 gold pieces
  6233 | D:5      | Slain by an orc warrior

Skill      XL: |  1  2  3  4  5  6  7  8 |
---------------+-------------------------+-----
Fighting       | 3 4 5 6 7 8 |  8.7
Charms         | 4 |  4.0
Spellcasting   | 3 |  3.0
Maces & Flails | |  2.1
Armour         | |  1.1
Dodging        | |  2.1

Action                   |  1- 3 |  4- 6 |  7- 9 || total
-------------------------+-------+-------+-------++-------
Melee: Mace              |    79 |    82 |       ||   161
       Kick              |    16 |    34 |    59 ||   109
       Peck              |    11 |    16 |    25 ||    52
       Whip              |       |    62 |   164 ||   226
 Cast: Song of Slaying   |       |       |     1 ||     1
Invok: Curse Item        |       |       |     2 ||     2
  Use: Scroll            |       |     9 |     4 ||    13
       Potion            |       |       |     5 ||     5
 Stab: Sleeping          |     1 |     1 |       ||     2
  Eat: Chunk             |       |     7 |     2 ||     9
       Ration            |       |     1 |     1 ||     2
Armor: Leather armour    |    25 |    49 |    34 ||   108
Dodge: Dodged            |    60 |   108 |    96 ||   264
